 Dungeon Crawl Stone Soup version 0.17-a0-1510-gb3fb22e (webtiles) character file.

80287 Goblin1989 the Martial Artist (level 15, 0/127 HPs)
             Began as a Vine Stalker Monk on July 11, 2015.
             Was the Champion of Makhleb.
             Succumbed to a sea snake's poison
             ... on level 1 of the Shoals on July 12, 2015.
             The game lasted 02:35:49 (23469 turns).

Goblin1989 the Martial Artist (Vine Stalker Monk)  Turns: 23469, Time: 02:35:49

Health: 0/127      AC: 25    Str: 23    XL:     15   Next: 66%
Magic:  3/23       EV:  6    Int: 11    God:    Makhleb [******]
Gold:   1390       SH: 19    Dex: 21    Spells: 0 memorised, 14 levels left

rFire  + . .     SeeInvis .       - Unarmed
rCold  . . .     Clarity  .     F - +0 plate armour
rNeg   . . .     SustAt   .     g - +1 large shield
rPois  +         Gourm    .     E - +2 helmet "Feselah" {rF+ Int+3 Dex+2}
rElec  +         Spirit   +     o - +0 cloak
rCorr  .         Warding  .     i - +2 pair of gloves
rMut   .         Stasis   .     l - +1 pair of boots {Fly}
MR     +....                    (no amulet)
Stlth  ..........               C - ring of poison resistance
                                G - ring of Cecoxeta {Wiz rElec}

@: berserking (expiring), lethally poisoned (0 -> -8), manticore barbs, flying,
very quick, somewhat resistant to hostile enchantments, extremely unstealthy
A: fangs 3, dopey 1, regeneration 3, screaming 1, magic shield, antimagic bite,
no device heal 3, rot immunity
a: Minor Destruction, Lesser Servant of Makhleb, Major Destruction, Greater
Servant of Makhleb, Renounce Religion, Stop Flying


You were on level 1 of the Shoals.
You worshipped Makhleb.
Makhleb was exalted by your worship.
You were not hungry.

You visited 4 branches of the dungeon, and saw 25 of its levels.
You also visited: Labyrinth and Volcano.

You collected 2402 gold pieces.
You spent 1012 gold pieces at shops.

Inventory:

Armour
 g - a +1 large shield (worn)
 i - a +2 pair of gloves (worn)
 l - a +1 pair of boots of flying (worn)
 o - a +0 cloak (worn)
 E - the +2 helmet "Feselah" (worn) {rF+ Int+3 Dex+2}
   (You found it on level 9 of the Dungeon)

   It affects your intelligence (+3).
   It affects your dexterity (+2).
   It protects you from fire.
 F - a +0 plate armour (worn)
Jewellery
 s - the ring "Hef Osm" {rN++ Stlth+}
   (You found it on level 6 of the Dungeon)

   [ring of stealth]

   It greatly protects you from negative energy.
   It makes you more stealthy.
 y - an uncursed ring of protection from cold
 C - a ring of poison resistance (right hand)
 G - the ring of Cecoxeta (left hand) {Wiz rElec}
   (You found it on level 6 of the Lair of Beasts)

   [ring of wizardry]

   It improves your spell success rate.
   It insulates you from electricity.
Magical devices
 m - a wand of flame (31)
 n - a wand of polymorph (10)
 q - a wand of magic darts (17)
 u - a wand of slowing (9)
 v - a wand of paralysis (13)
 z - a wand of flame (26)
 B - a wand of frost (27)
Scrolls
 a - 3 scrolls of fog
 e - 7 scrolls of remove curse
 h - a scroll of summoning {unknown}
 k - 2 scrolls of teleportation
 t - 3 scrolls of fear
 w - a scroll of recharging
 x - a scroll of magic mapping
 D - 2 scrolls of identify
Potions
 d - a potion of magic
 j - a potion of cancellation
 r - 7 potions of curing
 A - 2 potions of resistance
Miscellaneous
 f - a phial of floods (inert)
Comestibles
 b - 6 bread rations
 c - 2 meat rations


   Skills:
 - Level 12.6 Fighting
 - Level 10.3 Armour
 - Level 2.4 Dodging
 - Level 2.4 Stealth
 + Level 9.7 Shields
 - Level 14.3 Unarmed Combat
 - Level 10.1 Invocations
 * Level 4.0 Evocations


You had 14 spell levels left.
You didn't know any spells.

Dungeon Overview and Level Annotations

Branches:
Dungeon (12/15)            Temple (0/1) D:5            Lair (8/8) D:9
 Shoals (1/4) Lair:3       Spider (0/4) Lair:3          Orc (4/4) D:10
    Elf (0/3) Orc:3
  Slime: Lair:6-8

Altars:
Cheibriados
Dithmenos
Gozag
Makhleb
Ru
Sif Muna
Vehumet
Yredelemnul
Beogh

Shops:
D:9 (   Orc:4 ?:}?%

Annotations:
D:9 1 runed door
Lair:6 exclusion: oklob plant
Lair:8 exclusions: door and 1 more exclusion


Innate Abilities, Weirdness & Mutations

You have razor-sharp teeth.
You regenerate.
When hurt, damage is shared between your health and your magic reserves.
Your bite disrupts and absorbs the magic of your enemies.
Potions and wands cannot restore your health.
You are immune to rotting.
You are dopey. (Int -2)
You occasionally shout uncontrollably at your foes.


Message History

You feel sick.
The merfolk impaler hits you with a vampiric trident.
* * * LOW HITPOINT WARNING * * *
You closely miss the sea snake. Your bite misses the sea snake.
The sea snake is heavily wounded.
Your surroundings suddenly seem different.
You feel sick.
A cyclops comes into view.
The cyclops shouts!
The sheep bellows!
Found 24 gold pieces.
The barbs in your skin will harm you if you move.
Continue? [Y]es or [N]o only, please.
The barbs in your skin will harm you if you move.
Continue?
Okay, then.
You feel sick.
The cyclops throws a large rock.
The large rock hits you!!
* * * LOW HITPOINT WARNING * * *
You hear a splash.
A water elemental comes into view.
You feel a strong urge to attack something.
You die...

≈≈≈≈≈≈≈≈≈≈≈≈≈≈≈
≈≈≈≈≈≈≈≈≈≈≈≈≈≈≈
≈≈≈≈≈≈≈≈≈≈≈≈≈≈≈
≈≈≈≈≈≈≈≈≈≈≈≈≈≈≈
≈≈≈≈≈≈≈≈≈≈≈≈≈≈≈
≈≈≈≈≈≈≈≈≈≈≈≈≈≈≈
≈≈≈≈≈≈≈≈≈≈≈≈≈≈≈
≈≈≈≈≈≈≈@≈≈≈≈≈≈≈
E≈≈≈≈≈≈≈≈≈≈≈≈≈≈
≈≈≈≈≈≈≈≈≈≈≈≈≈≈≈
≈≈≈≈≈≈≈≈≈≈≈≈≈≈≈
P≈Y≈≈≈≈≈≈≈≈≈≈≈≈
PC≈$≈≈≈≈≈≈≈≈≈≈≈
≈Y≈≈≈≈≈≈≈≈≈≈≈≈≈
≈≈≈≈≈≈≈≈≈≈≈≈≈≈≈


You could see a cyclops, a water elemental (wandering) and 2 sheep.

Vanquished Creatures
  Maud (D:11)
  The ghost of urechis the Spry, a powerful KoBe of Trog (Lair:7)
  Nessos (Orc:4)
  Josephine (Lair:7)
  Harold (Orc:3)
  4 hydras
  Erolcha (D:9)
  Erica (Lair:1)
  14 death yaks
  5 orc high priests (Orc:4)
  Sonja (D:11)
  A sea snake (Lair:3)
  The ghost of Eleanoora the Summoner, an experienced DsSu of Sif Muna (D:9)
  An orc knight (Orc:3)
  Pikel (D:8)
  An unseen horror (Lab)
  2 lindwurms
  A manticore (Shoals:1)
  3 black mambas
  3 fauns (Shoals:1)
  A griffon (Lair:8)
  A centaur zombie (D:10)
  11 elephants (Lair:8)
  Joseph (D:7)
  2 gargoyles (Lab)
  16 spiny frogs
  A centaur skeleton (D:10)
  13 komodo dragons
  A queen bee (Lair:2)
  11 fire drakes
  3 trolls
  A merfolk (Shoals:1)
  2 two-headed ogres
  A polar bear (Lair:5)
  26 blink frogs
  A boulder beetle (Lair:8)
  4 wraiths
  43 yaks
  A wyvern (D:11)
  4 trapdoor spiders (Lair:3)
  5 basilisks
  A hungry ghost (D:9)
  Grum (D:11)
  3 fire bats (Lair:8)
  3 deep elf magi
  23 wolves
  10 hippogriffs
  2 mottled dragons (Volcano)
  3 wargs (Orc:4)
  9 porcupines
  16 water moccasins
  2 black bears
  An eye of draining (D:10)
  2 ice beasts
  7 ogres
  13 orc warriors
  9 centaurs
  A swamp drake (Orc:1)
  21 crocodiles
  A wyvern zombie (D:9)
  14 giant frogs
  A gnoll sergeant (D:10)
  2 wyvern skeletons (D:8)
  2 scorpions
  23 killer bees (Lair:2)
  14 wights
  An electric eel (Lair:1)
  2 spriggan skeletons (D:9)
  2 lava snakes (D:10)
  8 crimson imps
  A giant frog zombie (D:10)
  3 hounds
  A jelly (D:8)
  2 giant frog skeletons
  Crazy Yiuf (D:3)
  34 orc priests
  26 orc wizards
  An iron imp (Orc:1)
  Terence (D:2)
  A quasit (D:5)
  6 iguanas
  10 worker ants
  2 killer bee zombies
  23 sheep
  2 wandering mushrooms
  2 hound skeletons
  A worker ant zombie (D:7)
  95 river rats
  13 adders
  3 gnolls (D:2)
  A white imp (Orc:1)
  3 shadow imps
  4 worms (D:2)
  9 giant geckos
  158 orcs
  A ball python (D:2)
  16 bats
  A bat skeleton (D:7)
  5 giant cockroaches
  16 goblins
  17 hobgoblins
  7 jackals
  5 quokkas
  3 giant newts
  22 kobolds
  10 rats
  2 fungi (Lair:1)
  7 plants (Lair:1)
906 creatures vanquished.

Vanquished Creatures (collateral kills)
  Gastronok (Lair:1)
  A minotaur (Lab)
  2 hydras
  An orc high priest (Orc:4)
  A black mamba (Lair:7)
  3 yaks (Lair:7)
  2 water moccasins
  A crocodile (Lair:8)
  5 orc priests (Orc:4)
  An adder (Lair:1)
  15 orcs (Orc:4)
  A goblin (Orc:4)
  4 plants (Lair:7)
38 creatures vanquished.

Vanquished Creatures (others)
  An orc wizard (Orc:1)
  41 fungi
  15 plants
57 creatures vanquished.

Grand Total: 1001 creatures vanquished

Notes
Turn   | Place    | Note
--------------------------------------------------------------
     0 | D:1      | Goblin1989 the Vine Stalker Monk began the quest for the Orb.
     0 | D:1      | Reached XP level 1. HP: 11/11 MP: 2/2
   183 | D:1      | Reached XP level 2. HP: 14/16 MP: 3/3
   906 | D:2      | Reached XP level 3. HP: 11/20 MP: 2/4
   978 | D:2      | Reached skill level 1 in Armour
  1223 | D:2      | Reached XP level 4. HP: 14/24 MP: 5/5
  1377 | D:2      | Noticed Terence
  1388 | D:2      | Killed Terence
  1388 | D:2      | Reached skill level 5 in Unarmed Combat
  1447 | D:2      | Found a shadowy altar of Dithmenos.
  1500 | D:2      | Reached XP level 5. HP: 19/28 MP: 6/6
  1557 | D:2      | Found a burning altar of Makhleb.
  1558 | D:2      | Found a sacrificial altar of Ru.
  1559 | D:2      | Found an opulent altar of Gozag.
  1560 | D:2      | Found a snail-covered altar of Cheibriados.
  1565 | D:2      | Became a worshipper of Makhleb the Destroyer
  1565 | D:2      | Acquired Makhleb's first power
  1565 | D:2      | Acquired Makhleb's second power
  1576 | D:2      | Found a radiant altar of Vehumet.
  1654 | D:2      | Reached skill level 1 in Shields
  1861 | D:3      | Noticed Crazy Yiuf
  1870 | D:3      | Killed Crazy Yiuf
  2251 | D:3      | Acquired Makhleb's third power
  2319 | D:3      | Reached skill level 1 in Invocations
  2478 | D:3      | Gained mutation: You heal very quickly. [Vine Stalker growth]
  2478 | D:3      | Reached XP level 6. HP: 28/32 MP: 7/7
  3219 | D:4      | Reached skill level 6 in Unarmed Combat
  3524 | D:4      | Reached XP level 7. HP: 37/37 MP: 9/9
  3821 | D:5      | Entered Level 5 of the Dungeon
  4292 | D:5      | Acquired Makhleb's fourth power
  4435 | D:5      | Found a staircase to the Ecumenical Temple.
  4535 | D:6      | Got a pitted amber ring
  4553 | D:5      | Identified the ring "Hef Osm" {rN++ Stlth+} (You found it on level 6 of the Dungeon)
  4833 | D:6      | Reached skill level 7 in Unarmed Combat
  4833 | D:6      | Gained mutation: You have razor-sharp teeth. [Vine Stalker growth]
  4833 | D:6      | Reached XP level 8. HP: 28/42 MP: 11/11
  5465 | D:7      | Noticed Joseph
  5480 | D:7      | Killed Joseph
  5515 | D:7      | Reached skill level 8 in Unarmed Combat
  5567 | D:7      | Reached skill level 5 in Fighting
  6005 | D:7      | Reached XP level 9. HP: 47/47 MP: 13/13
  6543 | D:8      | Reached skill level 9 in Unarmed Combat
  6543 | D:8      | Reached skill level 5 in Invocations
  6706 | D:8      | Acquired Makhleb's fifth power
  7089 | D:8      | Noticed Pikel
  7101 | D:8      | Killed Pikel
  7101 | D:8      | Reached skill level 5 in Armour
  7155 | D:8      | Found a basalt altar of Yredelemnul.
  7186 | D:9      | Reached XP level 10. HP: 53/53 MP: 15/15
  7203 | D:9      | Found a deep blue altar of Sif Muna.
  7228 | D:9      | Found Zoymes's Antique Weapon Shoppe.
  7236 | D:9      | Bought an iridescent arbalest for 237 gold pieces
  7236 | D:9      | Identified the +4 arbalest of the Reaper {penet, Str+5} (You bought it in a shop on level 9 of the Dungeon)
  7473 | D:8      | Reached skill level 10 in Unarmed Combat
  7603 | D:9      | Noticed Eleanoora's ghost (experienced DsSu)
  7842 | D:9      | Noticed Erolcha
  7852 | D:9      | Killed Erolcha
  7947 | D:9      | Found a staircase to the Lair.
  7959 | Lair:1   | Entered Level 1 of the Lair of Beasts
  8021 | Lair:1   | Reached skill level 11 in Unarmed Combat
  8091 | Lair:1   | Reached XP level 11. HP: 58/58 MP: 17/17
  8475 | Lair:1   | Noticed Erica
  8499 | Lair:1   | Killed Erica
  8523 | Lair:1   | Noticed Gastronok
  8585 | Lair:1   | Killed Gastronok
  9011 | Lair:2   | Noticed a four-headed hydra
  9215 | Lair:2   | Found an opulent altar of Gozag.
  9248 | Lair:2   | Killed a four-headed hydra
  9248 | Lair:2   | Reached skill level 12 in Unarmed Combat
  9976 | Lair:2   | Gained mutation: You regenerate. [Vine Stalker growth]
  9976 | Lair:2   | Reached XP level 12. HP: 64/64 MP: 17/19
 10413 | Lair:3   | Found a hole to the Spider Nest.
 10782 | Lair:3   | Reached skill level 13 in Unarmed Combat
 11031 | Lair:3   | Found a staircase to the Shoals.
 11364 | Lair:4   | Noticed a death yak
 11367 | Lair:4   | Noticed a death yak
 11367 | Lair:4   | Noticed a death yak
 11813 | Lair:4   | Noticed a blizzard demon
 12151 | D:9      | Killed Eleanoora's ghost
 12306 | D:9      | Got an ancient helmet
 12317 | D:9      | Identified the +2 helmet "Feselah" {rF+ Int+3 Dex+2} (You found it on level 9 of the Dungeon)
 12340 | D:9      | Found a runed door.
 12541 | D:10     | Entered Level 10 of the Dungeon
 12848 | D:10     | Found a staircase to the Orcish Mines.
 13024 | Orc:1    | Entered Level 1 of the Orcish Mines
 13024 | Orc:1    | Found a roughly hewn altar of Beogh.
 13433 | Orc:1    | Reached XP level 13. HP: 66/70 MP: 17/21
 13948 | Orc:3    | Noticed Harold
 14182 | Lair:3   | Reached skill level 14 in Unarmed Combat
 14662 | Lair:4   | Killed a death yak
 14929 | Lair:4   | Killed a death yak
 14929 | Lair:4   | Reached skill level 10 in Invocations
 14943 | Lair:4   | Killed a death yak
 15199 | Lair:5   | Reached skill level 10 in Fighting
 16471 | Lair:6   | Got a serpentine lapis lazuli ring
 16478 | Lair:6   | Identified the ring of Cecoxeta {Wiz rElec} (You found it on level 6 of the Lair of Beasts)
 16853 | Lair:7   | Noticed urechis's ghost (powerful KoBe)
 16891 | Lair:7   | Killed urechis's ghost
 16891 | Lair:7   | Reached skill level 5 in Shields
 16927 | Lair:7   | Found a labyrinth entrance.
 16931 | Lair:7   | Reached XP level 14. HP: 71/77 MP: 22/22
 16939 | Lab      | Entered a labyrinth
 17766 | Lair:7   | Noticed Josephine
 17776 | Lair:7   | Killed Josephine
 18080 | Lair:8   | Entered Level 8 of the Lair of Beasts
 18356 | Lair:8   | Found a dark tunnel.
 18372 | Volcano  | Entered a volcano
 19079 | Lair:8   | Got a twisted robe
 19091 | Lair:8   | Identified the +0 robe of the Blue Moon {*Contam +Fly rElec rN+++} (You found it on level 8 of the Lair of Beasts)
 19102 | Lair:8   | Gained mutation: You are dopey. (Int -2) [mutagenic glow]
 19151 | Lair:8   | Reached XP level 15. HP: 73/84 MP: 20/23
 19162 | Lair:8   | Reached skill level 10 in Armour
 20300 | Orc:3    | Killed Harold
 20399 | Orc:4    | Entered Level 4 of the Orcish Mines
 20457 | Orc:3    | Found a staircase to the Elven Halls.
 21131 | Orc:4    | Noticed Nessos
 21149 | Orc:4    | Killed Nessos
 21272 | Orc:4    | Gained mutation: You occasionally shout uncontrollably at your foes. [a neqoxec]
 21338 | Orc:4    | Found a roughly hewn altar of Beogh.
 21371 | Orc:4    | Found Voama's Book Shop.
 21373 | Orc:4    | Found Aseet's Magic Scroll Emporium.
 21557 | Orc:4    | Found Xoirr's Gadget Shop.
 21564 | Orc:4    | Bought a phial of floods for 720 gold pieces
 21843 | Orc:4    | Found Teett's Magic Scroll Emporium.
 21843 | Orc:4    | Found Hastauro's Food Shop.
 21893 | Orc:4    | Bought a scroll of fog for 22 gold pieces
 21893 | Orc:4    | Bought a scroll of teleportation for 33 gold pieces
 22106 | Shoals:1 | Entered Level 1 of the Shoals
 22117 | Lair:3   | Reached skill level 1 in Evocations
 22323 | D:11     | Noticed Grum
 22325 | D:11     | Noticed Maud
 22329 | D:11     | Killed Grum
 22351 | D:11     | Killed Maud
 22390 | D:11     | Noticed Sonja
 22396 | D:11     | Killed Sonja
 23465 | Shoals:1 | HP: 6/127 [poisoned by a sea snake]
 23468 | Shoals:1 | HP: 2/127 [cyclops/large rock (17)]
 23469 | Shoals:1 | Succumbed to a sea snake's poison

Vault maps used:
D:1:      ncdulo_halloftheorcs
D:2:      grunt_temple_overflow_open, fiery_altar_vehumet, uniq_terence
D:3:      uniq_crazy_yiuf_cottage
D:4:      first_bread
D:5:      minmay_temple_entry_from_below_b
D:6:      serial_bayou_pond_c
D:7:      uniq_joseph
D:8:      basic_altar, uniq_pikel
D:9:      overflow_temple_1_default, dpeg_lair_monsters, serial_shops,
          shop_statue, hangedman_tell_no_tales, uniq_erolcha
D:10:     orc_0_dummy, kennysheep_crisscross
D:11:     uniq_maud, uniq_grum, uniq_sonja
D:12:     serial_shops, kennysheep_mini
Lair:1:   fungi_pond_lemuel, minivault_24, cheibrodos_lair_reptile_den,
          uniq_gastronok, uniq_erica
Lair:2:   special_room, basic_altar, wad_woods_road_06, serial_bayou_ford_a
Lair:3:   elwin_shoals_entry_rooms, spider_nest_entry_webs, serial_bayou_lake_a
Lair:4:   grunt_megastairs_1
Lair:6:   minmay_slime_entry_oklob_enclosed
Lair:7:   lab_entry_generic, grunt_megastairs_2, lemuel_fruit_tree,
          uniq_josephine
Lair:8:   evil_forest, nicolae_volcano_entry_batcave, st_stairs_6
Orc:1:    basic_altar, hangedman_minor_magic
Orc:3:    nicolae_orc_pool_cavern, uniq_donald, uniq_harold
Orc:4:    st_orc_town, serial_shops, shop_statue, lightli_orcish_oven,
          uniq_nessos
Lab:      labyrinth_watery, nicolae_lab_blocks
Volcano:  volcano_pools

Action                   |  1- 3 |  4- 6 |  7- 9 | 10-12 | 13-15 || total
-------------------------+-------+-------+-------+-------+-------++-------
Melee: Unarmed           |   149 |   257 |   320 |  1007 |  1690 ||  3423
Invok: Lesser Servant of |       |       |     1 |     9 |    22 ||    32
       Greater Servant o |       |       |       |     1 |       ||     1
Evoke: Wand              |     1 |       |       |     8 |    19 ||    28
       Phial of floods   |       |       |       |       |     1 ||     1
  Use: Scroll            |       |       |    15 |     9 |     7 ||    31
       Potion            |       |       |     4 |     6 |     3 ||    13
 Stab: Sleeping          |     5 |       |       |       |       ||     5
       Invisible         |       |       |     2 |       |       ||     2
       Distracted        |       |       |       |       |     8 ||     8
  Eat: Chunk             |     1 |     5 |    10 |    22 |    28 ||    66
       Royal jelly       |       |     1 |       |     1 |       ||     2
       Pizza             |       |       |     1 |       |       ||     1
       Fruit             |       |       |       |     1 |     2 ||     3
       Beef jerky        |       |       |       |       |     2 ||     2
       Meat ration       |       |       |       |       |     1 ||     1
